AoeStats
← CANA BRAVA

Arabia

508109661Analyzed
4v4 RM · 12d ago on Sep 20, 2026· 48m 19s· 8 players
Game mode
Random Map
Map size
Large (8 player)
Population
200
Speed
Normal
Resources
Standard
Victory
Conquest
Starting age
Dark Age
Ending age
Imperial Age
RankedLock teamsTeams togetherTeam positionsShared explorationLock speedFull tech treeHidden civsTurbo modeCheats
Victory
Defeat
🇧🇷 Khmer · Brazil
1366
+11
🇧🇷 Spanish · Brazil
1310
+14
🇧🇷 Ethiopians · Brazil
1247
+16
🇧🇷 Malay · Brazil
1096
+23
🇧🇷 Huns · Brazil
1304
-18
🇧🇷 Franks · Brazil
1272
-17
🇲🇽 Italians · Mexico
1233
-15
🇧🇷 Britons · Brazil
1205
-14
Gauderio Paraguaio
7:17 Loom
9:21 Feudal Age
9:52 Double-Bit Axe
18:19 Forging
19:00 Bloodlines
19:05 Scale Barding Armor
24:22 Castle Age
24:24 Light Cavalry
27:37 Iron Casting
29:40 Bow Saw
32:31 Chain Barding Armor
32:09 Horse Collar
34:21 Wheelbarrow
36:47 Husbandry
36:47 Gold Mining
37:34 Stone Mining
38:31 Hand Cart
42:46 Imperial Age
42:14 Gold Shaft Mining
41:49 Heavy Plow
42:28 Stone Shaft Mining
41:59 Town Watch
42:27 Fletching
43:07 Cavalier
44:24 Plate Barding Armor
46:05 Blast Furnace
46:47 Bodkin Arrow
48:09 Ballistics
Camarada Tinky-Winky
2:58 Loom
10:26 Feudal Age
21:16 Double-Bit Axe
21:58 Fletching
22:10 Padded Archer Armor
25:38 Forging
27:44 Castle Age
27:12 Crossbowman
28:48 Bodkin Arrow
28:58 Pikeman
36:02 Leather Archer Armor
37:36 Town Watch
40:02 Town Patrol
42:28 Iron Casting
47:30 Imperial Age
45:33 Thumb Ring
46:31 Gold Mining
48:20 Blast Furnace
47:41 Arbalester
Camarada Dipsy
8:01 Loom
10:33 Feudal Age
11:34 Double-Bit Axe
15:02 Town Watch
18:03 Fletching
19:21 Padded Archer Armor
20:00 Horse Collar
22:35 Scale Mail Armor
23:27 Wheelbarrow
26:48 Castle Age
26:01 Forging
28:05 Bodkin Arrow
28:25 Chain Mail Armor
27:32 Pikeman
34:32 Bloodlines
34:22 Husbandry
35:24 Scale Barding Armor
35:54 Iron Casting
37:11 Bow Saw
39:44 Hand Cart
40:39 Town Patrol
45:22 Imperial Age
44:02 Chain Barding Armor
47:08 Conscription
47:24 Plate Barding Armor
47:50 Blast Furnace
46:52 Bracer
47:59 Ballistics
48:40 Chemistry
47:38 Murder Holes
47:53 Masonry
47:50 Herbal Medicine
Camarada Po
8:31 Loom
10:42 Feudal Age
12:00 Double-Bit Axe
13:03 Fletching
16:53 Padded Archer Armor
22:56 Gold Mining
26:11 Castle Age
27:03 Crossbowman
27:48 Thumb Ring
27:40 Bodkin Arrow
28:01 Leather Archer Armor
29:41 Squires
32:19 Ballistics
34:32 Horse Collar
35:04 Bow Saw
39:31 Imperial Age
38:29 Town Watch
39:19 Wheelbarrow
40:21 Town Patrol
40:04 Halberdier
41:37 Arbalester
42:26 Scale Mail Armor
43:29 Bracer
[GMEX] | The_Spartako
9:08 Loom
11:24 Feudal Age
12:14 Double-Bit Axe
18:01 Fletching
18:15 Padded Archer Armor
[MassA]Azrael
6:36 Loom
9:19 Feudal Age
10:04 Double-Bit Axe
17:05 Forging
17:50 Scale Barding Armor
20:04 Wheelbarrow
22:52 Castle Age
23:12 Light Cavalry
23:54 Husbandry
24:30 Iron Casting
25:45 Chain Barding Armor
33:58 Fletching
38:26 Bodkin Arrow
45:06 Imperial Age
45:07 Cavalier
46:24 Plate Barding Armor
46:35 Paladin
[LCDR] PERTUBADO
6:42 Loom
9:21 Feudal Age
11:37 Double-Bit Axe
16:03 Padded Archer Armor
15:54 Fletching
27:18 Castle Age
27:23 Crossbowman
28:00 Bodkin Arrow
28:21 Leather Archer Armor
37:25 Ballistics
41:13 Bow Saw
CANA BRAVA
11:26 Feudal Age
12:08 Double-Bit Axe
12:11 Loom
20:00 Forging
21:16 Horse Collar
24:07 Scale Barding Armor
24:51 Bloodlines
29:18 Castle Age
30:30 Heavy Plow
30:04 Light Cavalry
32:45 Chain Barding Armor
33:56 Iron Casting
33:51 Gold Mining
34:13 Bow Saw
34:10 Arson
36:36 Scale Mail Armor
43:58 Wheelbarrow
45:24 Chain Mail Armor
Connection lost

Rejoining the realm…

Still unreachable

The connection could not be restored.

Session expired

The server has moved on; the page needs a fresh start.